 Dungeon Crawl Stone Soup version 0.21.1-1-g345015f (webtiles) character file.

4360 infcreate the Cleaver (level 10, -8/88 HPs)
             Began as a Minotaur Fighter on May 26, 2018.
             Was a Follower of Trog.
             Killed by the air
             ... invoked by Gastronok
              (35 damage)
             ... on level 8 of the Dungeon.
             The game lasted 00:29:56 (6393 turns).

infcreate the Cleaver (Minotaur Fighter)            Turns: 6393, Time: 00:29:57

Health: -8/88      AC: 11    Str: 23    XL:     10   Next: 12%
Magic:  9/9        EV:  7    Int:  5    God:    Trog [*.....]
Gold:   288        SH: 11    Dex: 11    Spells: 9/9 levels left

rFire    . . .     SeeInvis .   a - +0 war axe
rCold    . . .     Gourm    .   c - +0 shield
rNeg     . . .     Faith    .   r - +0 chain mail
rPois    .         Spirit   .   (helmet restricted)
rElec    .         Reflect  .   (no cloak)
rCorr    .         Harm     .   (no gloves)
MR       +....                  (no boots)
Stlth    ..........             (no amulet)
HPRegen  0.24/turn              e - ring of protection from magic
MPRegen  0.11/turn              A - ring of flight

@: berserk cooldown, slowed, very slow
A: retaliatory headbutt, horns 2
a: Berserk, Burn Spellbooks, Renounce Religion, Evoke Flight


You were on level 8 of the Dungeon.
You worshipped Trog.
Trog was aware of your devotion.
You were hungry.

You visited 2 branches of the dungeon, and saw 9 of its levels.

You collected 288 gold pieces.

Inventory:

Hand Weapons
 a - a +0 war axe (weapon)
Armour
 c - a +0 shield (worn)
 r - a +0 chain mail (worn)
Jewellery
 b - an uncursed ring of protection from cold
 e - a ring of protection from magic (left hand)
 w - an uncursed ring of fire
 A - a ring of flight (right hand)
Wands
 s - a wand of random effects (26)
Scrolls
 g - 7 scrolls of identify
 h - 3 scrolls of immolation {unknown}
 i - 4 scrolls of remove curse {unknown}
 j - 3 scrolls of enchant weapon {unknown}
 l - 6 scrolls of teleportation {unknown}
 n - a scroll of blinking {unknown}
 o - 2 scrolls of fear {unknown}
 q - a scroll of amnesia {unknown}
 y - a scroll of torment {unknown}
 B - a scroll of magic mapping {unknown}
Potions
 d - 6 potions of might
 k - 4 potions of degeneration {unknown}
 m - a potion of mutation {unknown}
 p - 4 potions of curing {unknown}
 t - 2 potions of lignification {unknown}
 u - 2 potions of flight {unknown}
 v - a potion of haste {unknown}
 x - a potion of berserk rage {unknown}
 z - a potion of heal wounds {unknown}
Comestibles
 f - 14 rations


   Skills:
 + Level 7.6 Fighting
 + Level 12.0 Axes
 + Level 8.3 Armour
 + Level 8.9 Shields


You had 9 spell levels left.
You didn't know any spells.

Dungeon Overview and Level Annotations

Branches:
Dungeon (8/15)             Temple (1/1) D:6
   Lair: D:8-11

Altars:
Ashenzari
Cheibriados
Dithmenos
Fedhas
Gozag
Hepliaklqana
Makhleb
Okawaru
Qazlal
Ru
Trog
Uskayaw
Xom
Yredelemnul
Zin
The Shining One

Shops:
D:6 [

Annotations:
D:8 Gastronok


Innate Abilities, Weirdness & Mutations

You reflexively headbutt those who attack you in melee.
You have a pair of horns on your head.


Message History

Things that are here:
a scorpion corpse; a gnoll corpse You feel a strong urge to attack something.
There is a stone staircase leading up, spattered with blood here.
You see here a gnoll corpse.
You butcher the gnoll corpse.
You feel your anger nearly subside.
You are no longer berserk.
You are exhausted.
You feel yourself slow down.
Things that are here:
a chunk of flesh; a gnoll skeleton There isn't anything to butcher here.
Eat a chunk of flesh? (ye/n/q)
You eat the chunk of flesh.
This raw flesh tastes terrible.
You are feeling hungry.
Gastronok waves his eye-stalks in wide circles.
The air twists around and strikes you!
Gastronok waves his eye-stalks in wide circles.
The air twists around and strikes you!
You die...

## # ##.. .##
#...# ...#
##....# ....#
#......#####...#
#......÷@†)g#
#......)...##
#........###
##....w.##
##....## ##..#
#.. ##.


You could see Gastronok and a gnoll.

Vanquished Creatures
  A two-headed ogre (D:8)
  Joseph (D:7)
  The ghost of Jaiteiro the Shooter, a novice CeHu (D:5)
  The ghost of Iko the Skirmisher, an amateur CeAK of Lugonu (D:4)
  Prince Ribbit (D:6)
  Eustachio (D:6)
  Purgy (D:3)
  2 phantoms
  A black bear (D:4)
  2 necrophages
  3 ogres
  3 centaurs (D:6)
  The ghost of p0werm0de the Ruffian, an amateur VSWn (D:3)
  5 scorpions
  A bullfrog zombie (D:5)
  2 crimson imps
  A centaur zombie (D:7)
  3 centaur skeletons
  3 hounds
  2 jellies
  2 orc priests
  A bullfrog skeleton (D:5)
  7 orc wizards
  Jessica (D:3)
  An iguana (D:7)
  5 worker ants
  A hound zombie (D:7)
  A hound skeleton (D:7)
  A howler monkey zombie (D:6)
  10 adders
  11 gnolls
  2 shadow imps
  2 oozes
  An adder zombie (D:6)
  2 adder skeletons (D:4)
  3 worms
  A dart slug (D:2)
  4 leopard geckos
  19 orcs
  3 ball pythons
  5 bats
  15 giant cockroaches
  11 goblins
  16 hobgoblins
  11 jackals
  7 quokkas
  3 frilled lizards
  2 jackal skeletons
  7 kobolds
  A leopard gecko skeleton (D:7)
  A leopard gecko zombie (D:6)
  2 quokka skeletons
  3 rats
198 creatures vanquished.

Notes
Turn   | Place    | Note
-------+----------+-------------------------------------------
     0 | D:1      | infcreate the Minotaur Fighter began the quest for the Orb.
     0 | D:1      | Reached XP level 1. HP: 19/19 MP: 0/0
   106 | D:1      | Reached XP level 2. HP: 14/27 MP: 1/1
   456 | D:1      | Reached skill level 3 in Axes
   456 | D:1      | Reached XP level 3. HP: 33/33 MP: 2/2
   754 | D:2      | Reached XP level 4. HP: 33/40 MP: 3/3
   838 | D:2      | Reached skill level 4 in Axes
  1393 | D:2      | Reached XP level 5. HP: 46/46 MP: 4/4
  1485 | D:3      | Noticed Jessica
  1493 | D:3      | Killed Jessica
  1939 | D:3      | Noticed Purgy
  1963 | D:3      | Killed Purgy
  1963 | D:3      | Reached skill level 5 in Axes
  1963 | D:3      | Reached skill level 5 in Armour
  1963 | D:3      | Reached skill level 5 in Shields
  1963 | D:3      | Reached XP level 6. HP: 30/53 MP: 5/5
  2052 | D:3      | Noticed p0werm0de's ghost (amateur VSWn)
  2062 | D:3      | Killed p0werm0de's ghost
  2845 | D:4      | Reached skill level 6 in Axes
  3217 | D:4      | Noticed Iko's ghost (amateur CeAK)
  3224 | D:4      | Killed Iko's ghost
  3224 | D:4      | Reached skill level 5 in Fighting
  3224 | D:4      | Reached XP level 7. HP: 50/61 MP: 6/6
  3252 | D:4      | Reached skill level 7 in Axes
  3706 | D:5      | Entered Level 5 of the Dungeon
  3765 | D:5      | Reached XP level 8. HP: 47/69 MP: 7/7
  3802 | D:5      | Reached skill level 8 in Axes
  4311 | D:5      | Reached skill level 9 in Axes
  4335 | D:5      | Found a glowing golden altar of the Shining One.
  4338 | D:5      | Found a hide-covered altar of Uskayaw.
  4445 | D:5      | Noticed Jaiteiro's ghost (novice CeHu)
  4467 | D:5      | Killed Jaiteiro's ghost
  4636 | D:6      | Noticed Eustachio
  4666 | D:6      | Killed Eustachio
  4666 | D:6      | Reached XP level 9. HP: 65/78 MP: 8/8
  4760 | D:6      | Found a staircase to the Ecumenical Temple.
  4840 | Temple   | Entered the Ecumenical Temple
  4894 | Temple   | Became a worshipper of Trog the Wrathful
  5003 | D:6      | Reached skill level 10 in Axes
  5034 | D:6      | Noticed Prince Ribbit
  5056 | D:6      | Killed Prince Ribbit
  5167 | D:6      | Reached * piety under Trog
  5270 | D:6      | Found Miuzeps's Antique Armour Shoppe.
  5619 | D:7      | Reached skill level 11 in Axes
  5642 | D:7      | Found a sacrificial altar of Ru.
  5844 | D:7      | Noticed Joseph
  5847 | D:7      | Found the +8 longbow "Zephyr" {speed, Dex+3 SInv}
  5855 | D:7      | Killed Joseph
  6376 | D:8      | Noticed Gastronok
  6376 | D:8      | Noticed a two-headed ogre
  6382 | D:8      | Killed a two-headed ogre
  6382 | D:8      | Reached skill level 12 in Axes
  6382 | D:8      | Reached XP level 10. HP: 70/86 MP: 9/9
  6393 | D:8      | Killed from afar by Gastronok

Skill      XL: |  1  2  3  4  5  6  7  8  9 |
---------------+----------------------------+-----
Shields        | 4 5 6 7 8 |  8.9
Armour         | 4 5 6 7 8 |  8.3
Axes           | 3 4 5 6 7 9 12 | 12.0
Fighting       | 4 5 6 7 |  7.6

Action                   |  1- 3 |  4- 6 |  7- 9 | 10-12 || total
-------------------------+-------+-------+-------+-------++-------
Melee: War axe           |   106 |   143 |   323 |     4 ||   576
       Headbutt          |    12 |    19 |    60 |       ||    91
Invok: Berserk           |       |       |     2 |       ||     2
  Use: Scroll            |       |       |     1 |       ||     1
  Eat: Chunk             |       |     8 |     7 |     1 ||    16
       Ration            |       |       |     1 |       ||     1
Armor: Scale mail        |    42 |    93 |    30 |       ||   165
       Chain mail        |       |       |    71 |       ||    71
Dodge: Dodged            |    34 |    52 |    66 |       ||   152
Block: Shield            |    57 |    80 |   156 |     2 ||   295
